 Dungeon Crawl Stone Soup version 0.30-a0-368-g86fb4627a9 (webtiles) character file.

Game seed: 9903789215205411459

26791 qeuew the Protected (level 13, -9/101 HPs)
             Began as a Demonspawn Fighter on Nov 18, 2022.
             Was a Priest of Trog.
             Blown up by a great orb of eyes (11 damage)
             ... with a mindburst bolt
             ... on level 1 of the Abyss.
             The game lasted 00:29:04 (14821 turns).

qeuew the Protected (Demonspawn Fighter)           Turns: 14821, Time: 00:29:04

Health: -9/101     AC: 17    Str: 26    XL:     13   Next: 0%
Magic:  13/13      EV: 19    Int:  8    God:    Trog [***...]
Gold:   1295       SH: 12    Dex: 22    Spells: 12/12 levels left

rFire   . . .      SeeInvis .    a - +1 war axe (chaos)
rCold   . . .      Faith    .    s - +0 kite shield
rNeg    . . .      Spirit   .    g - +0 swamp dragon scales
rPois   +          Reflect  .    y - +2 helmet
rElec   .          Harm     .    (cloak unavailable)
rCorr   .          Rampage  .    p - +0 pair of gloves of the Butterfly {Str+4}
Will    .....                    (no boots)
Stlth   +.........               (no amulet)
HPRegen 0.36/turn                j - +6 ring of dexterity
MPRegen 0.13/turn                r - +4 ring of evasion

@: on berserk cooldown
A: icy blue scales 1, ignite blood 1, powered by pain 1, weakness stinger 3,
hooves 1, strong 1
a: Renounce Religion, Berserk, Trog's Hand


You were on level 1 of the Abyss.
You worshipped Trog.
Trog was most pleased with you.
You visited 4 branches of the dungeon, and saw 16 of its levels.
You visited the Abyss 1 time.

You collected 1295 gold pieces.

Inventory:

Hand Weapons
 a - a +1 war axe of chaos (weapon)
 u - a +0 war axe of draining
Missiles
 q - a throwing net
Armour
 g - +0 swamp dragon scales (worn)
 p - the +0 pair of gloves of the Butterfly (worn) {Str+4}
   (You found it on level 4 of the Dungeon)

   Str:       It affects your strength (+4).
 s - a +0 kite shield (worn)
 y - a +2 helmet (worn)
Jewellery
 j - a +6 ring of dexterity (left hand)
 r - a +4 ring of evasion (right hand)
Wands
 l - a wand of acid (9)
 m - a wand of iceblast (31)
 o - a wand of charming (14)
 A - a wand of mindburst (11) (quivered)
Scrolls
 b - a scroll of teleportation
 f - a scroll of enchant armour
 i - 3 scrolls of enchant weapon
 k - 2 scrolls of identify
 w - a scroll of fog
 z - a scroll of magic mapping
Potions
 d - 3 potions of might
 e - 2 potions of curing
 h - 2 potions of flight
 n - a potion of ambrosia
 t - 3 potions of magic
 v - a potion of haste
 x - a potion of mutation


   Skills:
 + Level 9.3 Fighting
 + Level 8.1 Axes
 * Level 11.6 Armour
 + Level 7.8 Dodging
 + Level 8.5 Shields
 + Level 7.1 Evocations


You had 12 spell levels left.
You didn't know any spells.
Your spell library contained the following spells:

 Spells                   Type           Power      Damage    Failure   Level
 Beastly Appendage        Tmut           0%         N/A       82%         1
 Magic Dart               Conj           0%         1d3       82%         1
 Necrotise                Necr           0%         1d4       82%         1
 Call Imp                 Summ           0%         N/A       91%         2
 Wereblood                Tmut           0%         N/A       91%         2
 Gell's Gravitas          Tloc           0%         N/A       99%         3
 Inner Flame              Hex/Fire       0%         N/A       99%         3
 Lesser Beckoning         Tloc           0%         N/A       99%         3
 Mephitic Cloud           Conj/Pois/Air  0%         N/A       99%         3
 Spider Form              Tmut/Pois      0%         N/A       99%         3
 Teleport Other           Tloc           0%         N/A       99%         3
 Vampiric Draining        Necr           0%         2d6       99%         3
 Flame Wave               Conj/Fire      0%         2d4       100%        4
 Sticky Flame             Conj/Fire      0%         2d3       100%        4
 Agony                    Necr           0%         N/A       100%        5
 Blade Hands              Tmut           0%         N/A       100%        5
 Irradiate                Conj/Tmut      0%         3d11      100%        5
 Dragon Form              Tmut           0%         N/A       100%        7


Dungeon Overview and Level Annotations

Branches:
Dungeon (12/15)            Temple (1/1) D:6            Lair (1/5) D:11
    Orc (2/2) D:10            Elf (0/3) Orc:2

Altars:
Ashenzari
Cheibriados
Dithmenos
Fedhas
Gozag
Hepliaklqana
Kikubaaqudgha
Makhleb
Nemelex Xobeh
Okawaru
Qazlal
Ru
Sif Muna
Trog
Uskayaw
Vehumet
Wu Jian
Xom

Shops:
D:3 :(   D:4 [   D:7 (   D:9 =   Orc:1 !   Orc:2 ?=*(

Annotations:
D:9 5 runed translucent doors
D:11 1 runed translucent door, DeathPants's ghost, journeyman AtFi
Lair:1 Harold; Nergalle
Orc:1 Erolcha


Innate Abilities, Weirdness & Mutations

You are partially covered in icy blue scales. (AC +2)
Your demonic aura sometimes causes spilled blood to erupt in flames.
You sometimes gain a little power by taking damage.
You have a sharp stinger which inflicts weakening toxins.
You have large cloven feet.
Your muscles are strong. (Str +4, Int/Dex -1)


Message History

You barely resist.
You hit the great orb of eyes but do no damage.
Your kick misses the great orb of eyes. The great orb of eyes gazes at you.
You are confused.
The great orb of eyes bites you.
You bump into the stone wall.
The great orb of eyes bites you.
You hit the great orb of eyes but do no damage.
The great orb of eyes appears confused.
Your tail-slap misses the great orb of eyes.
You feel yourself speed up.
The great orb of eyes seems less confused.
You feel less confused. The great orb of eyes gazes at you.
Your mind is blasted!
* * * LOW HITPOINT WARNING * * *
You hit the great orb of eyes. You freeze the great orb of eyes.
You kick the great orb of eyes, but do no damage.
The great orb of eyes is lightly wounded.
You slash the lurking horror! You freeze the lurking horror.
Your body is wracked with pain!
* * * LOW HITPOINT WARNING * * *
The great orb of eyes convulses!
The great orb of eyes pulsates ominously.
The great orb of eyes gazes at you. You resist with significant effort.
You feel better. The great orb of eyes gazes at you.
Your mind is blasted!
* * * LOW HITPOINT WARNING * * *
Unknown command.
You hit the great orb of eyes.
Lightning courses through the great orb of eyes!
Your kick misses the great orb of eyes.
The great orb of eyes is severely wounded.
The great orb of eyes gazes at you. You resist with significant effort.
The great orb of eyes gazes at you.
Your mind is blasted!
You die...

##############
#.~...#.......
#~....#○......
#...G@......#.
#...°.#.......
#.#...#....... #
#○°......... ##
#...°....... ..# #
####>.####.###
..#..# #.....#....
# ... . . ##...##
...#####.#...
#.###.#.....#.##..
.


You could see a great orb of eyes.

Vanquished Creatures
  An orc warlord (Orc:2)
  A blizzard demon (Abyss:1)
  A boulder beetle (D:12)
  Erica (D:9)
  2 two-headed ogres
  An orc high priest (Orc:2)
  Amaemon (Lair:1)
  An orc knight (Orc:2)
  An ugly thing (D:11)
  A manticore (D:11)
  7 orc sorcerers (Orc:2)
  Maurice (D:8)
  A black mamba (Lair:1)
  An orange demon (Lair:1)
  A gargoyle (D:8)
  A rime drake (D:11)
  A kobold demonologist (D:8)
  Maggie (D:6)
  A polar bear (D:9)
  8 trolls
  2 hornets
  5 slime creatures (D:12)
  A wind drake (shapeshifter) (Orc:2)
  A hornet (shapeshifter) (D:8)
  9 yaks
  A shadow (D:10)
  A vampire (D:12)
  4 wyverns
  An unseen horror simulacrum (D:9)
  A steam dragon (D:8)
  4 vampire mosquitoes (D:11)
  3 wargs (Orc:2)
  An acid dragon (D:8)
  Duvessa (D:6)
  2 water moccasins (Lair:1)
  A swamp drake (D:10)
  4 ice beasts
  26 orc warriors
  9 ogres
  3 wolves
  4 centaurs
  3 phantoms
  5 kobold brigands
  Blork the orc (D:6)
  7 bullfrogs
  3 gnoll sergeants
  4 scorpions
  17 wights
  Dowan (D:6)
  An electric eel (D:9)
  2 lava snakes (D:9)
  A gnoll bouda (D:8)
  4 hounds
  A jelly (D:8)
  14 orc priests
  An iguana (D:6)
  28 orc wizards
  A centaur simulacrum (D:9)
  A killer bee simulacrum (D:9)
  A howler monkey zombie (D:9)
  11 gnolls
  3 adders
  2 shadow imps
  6 white imps
  A howler monkey simulacrum (D:9)
  2 ufetubi (D:9)
  2 worms (D:2)
  3 dart slugs
  51 orcs
  5 bats
  9 endoplasms
  6 giant cockroaches
  A gnoll zombie (D:11)
  4 hobgoblins
  4 jackals (D:2)
  19 kobolds
  6 quokkas
  5 ball pythons
  2 frilled lizards
  9 goblins
  6 rats
  A lurking horror (Abyss:1)
372 creatures vanquished.

Vanquished Creatures (others)
  An unseen horror (D:12)
  2 orc priests
  3 fungi
  8 plants
  2 withered plants (D:11)
16 creatures vanquished.

Grand Total: 388 creatures vanquished

Notes
Turn   | Place    | Note
-------+----------+-------------------------------------------
     0 | D:1      | qeuew the Demonspawn Fighter began the quest for the Orb.
     0 | D:1      | Reached XP level 1. HP: 18/18 MP: 1/1
    92 | D:1      | Gained mutation: You are partially covered in icy blue
                  | scales. (AC +2) [demonic ancestry]
    92 | D:1      | Reached XP level 2. HP: 24/24 MP: 2/2
   223 | D:1      | Reached skill level 3 in Armour
   573 | D:1      | Reached XP level 3. HP: 28/29 MP: 3/3
  1129 | D:2      | Found a faded altar of an unknown god.
  1324 | D:2      | Reached skill level 1 in Dodging
  1634 | D:3      | Found Zuqo Beu's Book Shop.
  1651 | D:3      | Reached XP level 4. HP: 31/35 MP: 4/4
  1956 | D:3      | Found Peoxzupt's Antique Weapon Emporium.
  2189 | D:3      | Found a broken altar of Ashenzari.
  2386 | D:4      | Noticed a phantom
  2392 | D:4      | Killed a phantom
  2393 | D:4      | Reached XP level 5. HP: 42/42 MP: 5/5
  2399 | D:4      | Reached skill level 4 in Armour
  2626 | D:4      | Reached XP level 6. HP: 47/48 MP: 6/6
  2714 | D:4      | Found Nuides's Armour Boutique.
  2747 | D:4      | Identified the +0 pair of gloves of the Butterfly {Str+4}
  3117 | D:5      | Entered Level 5 of the Dungeon
  3709 | D:5      | Reached XP level 7. HP: 50/54 MP: 7/7
  3996 | D:5      | Noticed a hornet
  4002 | D:5      | Killed a hornet
  4003 | D:5      | Reached skill level 5 in Armour
  4192 | D:5      | Gained mutation: Your muscles are strong. (Str +4, Int/Dex
                  | -1) [potion of mutation]
  4192 | D:5      | Gained mutation: You have large cloven feet. [potion of
                  | mutation]
  4357 | D:6      | Noticed Duvessa
  4358 | D:6      | Noticed Dowan
  4366 | D:6      | Killed Duvessa
  4367 | D:6      | Gained mutation: You have a small tail. [demonic ancestry]
  4367 | D:6      | Reached XP level 8. HP: 61/61 MP: 8/8
  4371 | D:6      | Killed Dowan
  4405 | D:6      | Reached skill level 5 in Fighting
  4409 | D:6      | Reached skill level 6 in Armour
  4442 | D:6      | Noticed Maggie
  4466 | D:6      | Killed Maggie
  4654 | D:6      | Noticed Blork the orc
  4663 | D:6      | Killed Blork the orc
  4840 | D:6      | Found a shadowy altar of Dithmenos.
  4896 | D:6      | Reached skill level 5 in Shields
  5027 | D:6      | Found a staircase to the Ecumenical Temple.
  5037 | Temple   | Entered the Ecumenical Temple
  5445 | D:7      | Gained mutation: Your demonic aura sometimes causes spilled
                  | blood to erupt in flames. [demonic ancestry]
  5445 | D:7      | Reached XP level 9. HP: 59/69 MP: 9/9
  5632 | D:7      | Reached skill level 7 in Armour
  5646 | D:7      | Reached skill level 1 in Evocations
  5932 | D:7      | Found Mecuddu's Weapon Emporium.
  6106 | D:8      | Reached skill level 5 in Axes
  6619 | D:8      | Found a radiant altar of Vehumet.
  6812 | D:9      | Found the +9 staff of Olgreb {rPois∞}
  6826 | D:9      | Found a runed translucent door.
  6835 | D:9      | Found a runed translucent gate.
  6835 | D:9      | Found a runed translucent gate.
  6836 | D:9      | Found a runed translucent door.
  6849 | D:9      | Found a runed translucent gate.
  6851 | D:9      | Noticed a black mamba
  6851 | D:9      | Noticed a black mamba
  6874 | D:9      | Found Sewe's Jewellery Emporium.
  6935 | D:9      | Reached skill level 8 in Armour
  6943 | D:9      | Gained mutation: You have a tail ending in a sharp stinger.
                  | [demonic ancestry]
  6943 | D:9      | Reached XP level 10. HP: 32/77 MP: 10/10
  6949 | D:9      | Reached skill level 5 in Dodging
  7300 | D:9      | Noticed Erica
  7332 | D:9      | Killed Erica
  8029 | D:8      | Reached skill level 9 in Armour
  8124 | D:8      | Identified the +1 leather armour "Heatri Yciav" {rC+}
  8609 | D:8      | Noticed Maurice
  8627 | D:8      | Killed Maurice
  8628 | D:8      | Gained mutation: You have a sharp stinger which inflicts
                  | weakening toxins. [demonic ancestry]
  8628 | D:8      | Reached XP level 11. HP: 84/84 MP: 11/11
  8719 | D:8      | Found a bloodstained altar of Trog.
  8719 | D:8      | Found an iron altar of Okawaru.
  8743 | D:8      | Became a worshipper of Trog the Wrathful
  8852 | D:8      | Noticed a sixfirhy
  8963 | D:10     | Entered Level 10 of the Dungeon
  9329 | D:10     | Found an ancient bone altar of Kikubaaqudgha.
  9343 | D:10     | Noticed a two-headed ogre
  9350 | D:10     | Killed a two-headed ogre
  9352 | D:10     | Reached * piety under Trog
  9730 | D:10     | Reached skill level 5 in Evocations
  9805 | D:10     | Found a staircase to the Orcish Mines.
  9962 | D:10     | Found an opulent altar of Gozag.
  9962 | D:10     | Found a stormy altar of Qazlal.
 10335 | D:11     | Identified the +1 cloak of Qyaquhan {rF++ rN+ Str-5}
 10340 | D:11     | Found a runed translucent door.
 10340 | D:11     | Noticed DeathPants's ghost (journeyman AtFi)
 10488 | D:11     | Found a staircase to the Lair.
 10688 | D:11     | Noticed a two-headed ogre
 10697 | D:11     | Killed a two-headed ogre
 10698 | D:11     | Reached skill level 10 in Armour
 10830 | D:11     | Noticed a white ugly thing
 10841 | D:11     | Killed a white ugly thing
 11456 | Lair:1   | Entered Level 1 of the Lair of Beasts
 11650 | Lair:1   | Noticed Amaemon
 11659 | Lair:1   | Killed Amaemon
 11777 | Lair:1   | Noticed Nergalle
 11786 | Lair:1   | Noticed Harold
 12090 | D:12     | Noticed a boulder beetle
 12091 | D:12     | Gained mutation: You sometimes gain a little power by
                  | taking damage. [demonic ancestry]
 12091 | D:12     | Reached XP level 12. HP: 86/86 MP: 12/12
 12096 | D:12     | Reached ** piety under Trog
 12140 | D:12     | Killed a boulder beetle
 12193 | D:12     | Noticed a centaur warrior
 12496 | Orc:1    | Entered Level 1 of the Orcish Mines
 12496 | Orc:1    | Found Cielorr's Distillery.
 12761 | Orc:2    | Entered Level 2 of the Orcish Mines
 13039 | Orc:2    | Found a staircase to the Elven Halls.
 13043 | Orc:2    | Reached *** piety under Trog
 13447 | Orc:1    | Noticed Erolcha
 13450 | Orc:1    | Noticed an orc warlord
 13463 | Orc:2    | Reached skill level 11 in Armour
 13897 | Orc:2    | Found Raecvif's General Store.
 13897 | Orc:2    | Found Ironiug's Weapon Boutique.
 13898 | Orc:2    | Found Yxi Rula's Jewellery Shop.
 13901 | Orc:2    | Found Joireudulug's Magic Scroll Shop.
 13911 | Orc:2    | Noticed an orc high priest
 13917 | Orc:2    | Killed an orc high priest
 13997 | Orc:2    | Reached **** piety under Trog
 14378 | Orc:2    | Killed an orc warlord
 14717 | Abyss:1  | Cast into level 1 of the Abyss (Erolcha)
 14770 | Abyss:1  | Noticed a tentacled starspawn
 14784 | Abyss:1  | Noticed a blizzard demon
 14794 | Abyss:1  | Killed a blizzard demon
 14795 | Abyss:1  | Reached XP level 13. HP: 56/101 MP: 13/13
 14820 | Abyss:1  | HP: 1/101 [disintegration (22)]
 14821 | Abyss:1  | Blown up by a great orb of eyes

Illustrated notes

Levels and vault maps discovered:
D:1:      shiori_shiawase, layout_loops_ring, supply_closet_lemuel, hex_large,
          st_stairs_12
D:2:      layout_loops_ring, shapermc_ecumenical_altar_mp_urbaneastern
D:3:      layout_basic, gammafunk_temple_overflow_wave, serial_shops, shop, shop
D:4:      layout_loops_ring, serial_shops, nicolae_shop_trees
D:5:      layout_layer_cave
D:6:      layout_basic, nicolae_dithmenos_the_darkroom,
          lemuel_temple_firewalk_b, uniq_blork_the_orc, uniq_duvessa,
          uniq_maggie
D:7:      layout_basic, serial_shops, nicolae_shop_bloodbath_and_beyond
D:8:      minmay_octagon_keep, layout_loops_cross,
          grunt_temple_overflow_bloody_war, mainiacjoe_overflow_alcove_2,
          uniq_maurice
D:9:      layout_loops_cross, mainiacjoe_overflow_brackets,
          lemuel_mausoleum_altar_yredelemnul, serial_ice, serial_ice_l,
          serial_ice_n, serial_ice_f, serial_ice_h, serial_ice_b, serial_ice_o,
          serial_shops, kennysheep_mini, kennysheep_cross_bottleneck,
          chequers_decorated_corner, minmay_guarded_unrand_staff_of_olgreb,
          uniq_erica
D:10:     layout_basic, gammafunk_temple_overflow_pools,
          mainiacjoe_overflow_paths, erik_orc_1, serial_rivers,
          chequers_serial_rivers_large_b, chequers_serial_rivers_large_a,
          chequers_serial_rivers_small_b, chequers_serial_rivers_small_3,
          kennysheep_generic_room_4
D:11:     layout_gridville, hellmonk_lair_entry_icy, gammafunk_ghost_grave,
          minivault_5
D:12:     layout_rooms
Temple:   nicolae_temple_bog_church
Lair:1:   layout_regular_city, uniq_harold, uniq_amaemon, uniq_nergalle
Orc:1:    layout_caves, serial_shops, shop, uniq_erolcha
Orc:2:    st_orc_mages, layout_caves
Abyss:1:  base:
D:10

Skill      XL: |  1  2  3  4  5  6  7  8  9 10 11 12 |
---------------+-------------------------------------+-----
Axes           | 2 3 4 5 6 7 8 |  8.1
Armour         | 3 4 5 6 8 9 10 11 | 11.6
Shields        | 3 4 5 6 7 8 |  8.5
Dodging        | 1 2 3 4 5 6 7 |  7.8
Fighting       | 4 5 6 7 8 9 |  9.3
Evocations     | 2 4 5 7 |  7.1

Action                   |  1- 3 |  4- 6 |  7- 9 | 10-12 | 13-15 || total
-------------------------+-------+-------+-------+-------+-------++-------
Melee: War axe           |   156 |    88 |   199 |   598 |     4 ||  1045
       Kick              |       |       |    61 |   223 |     1 ||   285
       Tailslap          |       |       |    27 |   103 |       ||   130
Invok: Berserk           |       |       |       |     4 |       ||     4
       Trog's Hand       |       |       |       |     3 |       ||     3
Evoke: Wand              |       |       |       |     3 |       ||     3
  Use: Potion            |     5 |       |     5 |     2 |     1 ||    13
       Scroll            |     3 |     7 |     6 |     5 |       ||    21
 Stab: Sleeping          |       |       |     2 |       |       ||     2
       Petrified         |       |       |       |     4 |       ||     4
       Confused          |       |       |       |     3 |       ||     3
Armor: Scale mail        |    95 |    49 |     9 |       |       ||   153
       Swamp dragon scal |       |       |    57 |   234 |       ||   291
Dodge: Dodged            |    60 |    39 |   151 |   640 |       ||   890
Block: Buckler           |    43 |    22 |    69 |   269 |       ||   403
       Kite shield       |       |       |       |    19 |       ||    19

Table legend: (Time is in decaauts)
 A = Elapsed time spent in this place.
 B = Non-inter-level travel time spent in this place.
 C = Inter-level travel time spent in this place.
 D = Time resting spent in this place.
 E = Time spent auto-exploring this place.
 F = Levels seen in this place.
 G = Mean time per level.
                   A        B        C        D        E       F      G
               +--------+--------+--------+--------+--------+-----+--------+
         Total |  15203 |  14590 |    613 |    802 |  11075 |  17 |  894.3 |
       Dungeon |  11959 |  11485 |    474 |    267 |   9209 |  12 |  996.6 |
        Temple |    239 |    203 |     36 |      0 |    195 |   1 |  239.0 |
          Lair |    611 |    611 |      0 |      0 |    522 |   1 |  611.0 |
  Orcish Mines |   2280 |   2178 |    102 |    535 |   1104 |   2 | 1140.0 |
         Abyss |    111 |    111 |      0 |      0 |     45 |   1 |  111.0 |
               +--------+--------+--------+--------+--------+-----+--------+

Top non-repeatable levels by time:
   Orc:2: 1806 daAuts
    D:11: 1673 daAuts
     D:8: 1554 daAuts
     D:9: 1394 daAuts
    D:10: 1256 daAuts
     D:5: 1124 daAuts
     D:4: 924 daAuts
     D:6: 872 daAuts
     D:1: 837 daAuts
     D:7: 787 daAuts
     D:3: 728 daAuts
     D:2: 719 daAuts
  Lair:1: 611 daAuts
   Orc:1: 474 daAuts
  Temple: 239 daAuts
